 Dungeon Crawl Stone Soup version 0.27.1-33-g824d729ab1 (webtiles) character file.

Game seed: 3680633127493161575

65 sking99 the Chopper (level 3, 0/33 HPs)
             Began as a Minotaur Berserker on Dec 8, 2021.
             Was a Believer of Trog.
             Slain by Natasha (4 damage)
             ... on level 2 of the Dungeon.
             The game lasted 00:01:16 (1420 turns).

sking99 the Chopper (Minotaur Berserker)            Turns: 1420, Time: 00:01:17

Health: 0/33       AC:  2    Str: 22    XL:     3   Next: 94%
Magic:  2/2        EV: 12    Int:  4    God:    Trog [**....]
Gold:   0          SH:  0    Dex:  9    Spells: 2/2 levels left

rFire    . . .     SeeInvis .   a - +0 hand axe
rCold    . . .     Faith    .   (no shield)
rNeg     . . .     Spirit   .   b - +0 animal skin
rPois    .         Reflect  .   (helmet restricted)
rElec    .         Harm     .   f - scarf {shadows}
rCorr    .         Rampage  .   (no gloves)
Will     .....                  (no boots)
Stlth    +.........             (no amulet)
HPRegen  0.11/turn              (no ring)
MPRegen  0.08/turn              (no ring)

@: on berserk cooldown, slowed, very slow
A: horns 2, retaliatory headbutt
a: Renounce Religion, Berserk, Trog's Hand


You were on level 2 of the Dungeon.
You worshipped Trog.
Trog was pleased with you.
You visited 1 branch of the dungeon, and saw 2 of its levels.

Inventory:

Hand Weapons
 a - a +0 hand axe (weapon)
Armour
 b - a +0 animal skin (worn)
 f - a scarf of shadows (worn)
Jewellery
 c - a ring of ice
Scrolls
 d - a scroll of vulnerability {unknown}
 e - a scroll of noise {unknown}


   Skills:
 + Level 4.1 Fighting
 * Level 4.6 Axes
 + Level 3.1 Armour
 + Level 2.9 Dodging


You had 2 spell levels left.
You didn't know any spells.
Your spell library was empty.

Dungeon Overview and Level Annotations

Branches:
Dungeon (2/15)

Altars:

Annotations:
D:2 Natasha


Innate Abilities, Weirdness & Mutations

You have a pair of horns on your head.
You reflexively headbutt those who attack you in melee.


Message History

A red film seems to cover your vision as you go berserk!
You feel yourself moving faster!
You feel mighty! Natasha claws you.
Natasha casts a spell.
You slash Natasha!
You kill Natasha!
Trog accepts your kill.
Trog appreciates your killing of a magic user.
Natasha yowls pathetically as she dies!
The shadow imp disappears in a puff of smoke!
You start resting.
You feel a strong urge to attack something.
You start resting.
You feel your anger nearly subside.
You are no longer berserk.
You are exhausted.
You feel as though you will be slow longer.
You start resting.
A frilled lizard comes into view.
The frilled lizard hisses angrily.
You hit the frilled lizard.
You kill the frilled lizard!
Trog accepts your kill.
You can now call upon Trog for regeneration and willpower.
Natasha, Servant of Life and Death comes into view.
Natasha hisses angrily.
Natasha stares at you and mumbles some strange words.
The magic dart hits you!
There is a stone staircase leading up here.
You closely miss Natasha. Natasha claws you!
* * * LOW HITPOINT WARNING * * *
You miss Natasha.
Natasha stares at you and mumbles some strange words.
You resist with significant effort. Natasha claws you.
* * * LOW HITPOINT WARNING * * *
You hit Natasha. Your headbutt misses Natasha.
Natasha is lightly wounded.
Natasha closely misses you.
You barely miss Natasha. Your headbutt misses Natasha.
Natasha is lightly wounded.
Natasha claws you.
You die...

# ... #.#.###
#.#...#
#.#...### #.#
#.......# #.#
#.......# #.#
#..@....# #.#
#.#h..### #.# #
#...## #†#
##...#####.#
#.........#
#...####.......
##.## ########
#.# #.#


You could see Natasha.

Vanquished Creatures
  Natasha (D:2)
  A gnoll (D:1)
  A worm (D:2)
  A dart slug (D:1)
  8 ball pythons (D:1)
  5 bats (D:1)
  An endoplasm (D:1)
  3 goblins (D:1)
  3 frilled lizards
  3 rats (D:1)
27 creatures vanquished.

Notes
Turn   | Place    | Note
-------+----------+-------------------------------------------
     0 | D:1      | sking99 the Minotaur Berserker began the quest for the Orb.
     0 | D:1      | Reached XP level 1. HP: 19/19 MP: 0/0
   332 | D:1      | Reached XP level 2. HP: 27/27 MP: 1/1
   734 | D:1      | Reached XP level 3. HP: 33/33 MP: 2/2
  1117 | D:1      | Found a faded altar of an unknown god.
  1381 | D:2      | Noticed Natasha
  1389 | D:2      | Killed Natasha
  1407 | D:2      | Reached ** piety under Trog
  1414 | D:2      | Noticed Natasha
  1420 | D:2      | Slain by Natasha

Illustrated notes

Levels and vault maps discovered:
D:1:      wander_arrival_fairy_ring, layout_basic,
          dilly_ecumenical_altar_fadedgnrine
D:2:      layout_loops_ring, basic_altar, uniq_robin, uniq_natasha

Skill      XL: |  1  2  3 |
---------------+----------+-----
Axes           | 4 |  4.6
Fighting       | 4 |  4.1
Armour         | 3 |  3.1
Dodging        | |  2.9

Action                   || total
-------------------------++-------
Melee: Hand axe          ||    55
       Headbutt          ||     5
Invok: Berserk           ||     1
Armor: Animal skin       ||    16
Dodge: Dodged            ||    34
